 Dungeon Crawl Stone Soup version 0.30-a0-122-g2a1322497e (webtiles) character file.

Game seed: 17466043664888905669

24 BritishOli the Trooper (level 2, 0/24 HPs)
             Began as a Demonspawn Fighter on Sept 15, 2022.
             Killed by nerve-wracking pain
             ... invoked by Jessica
              (10 damage)
             ... on level 2 of the Dungeon.
             The game lasted 00:00:37 (914 turns).

BritishOli the Trooper (Demonspawn Fighter)          Turns: 914, Time: 00:00:38

Health: 0/24       AC:  9    Str: 16    XL:     2   Next: 79%
Magic:  2/2        EV:  8    Int:  9    God:
Gold:   42         SH:  4    Dex: 12    Spells: 1/1 levels left

rFire   . . .      SeeInvis .    a - +0 long sword
rCold   . . .      Faith    .    c - +0 buckler
rNeg    . . .      Spirit   .    b - +0 scale mail
rPois   .          Reflect  .    (no helmet)
rElec   .          Harm     .    (no cloak)
rCorr   .          Rampage  .    j - +0 pair of gloves
Will    .....                    (no boots)
Stlth   ..........               (no amulet)
HPRegen 0.08/turn                (no ring)
MPRegen 0.08/turn                (no ring)

@: no status effects
A: thin metallic scales 1
a: no special abilities


You were on level 2 of the Dungeon.
You visited 1 branch of the dungeon, and saw 2 of its levels.

You collected 42 gold pieces.

Inventory:

Hand Weapons
 a - a +0 long sword (weapon)
Armour
 b - a +0 scale mail (worn)
 c - a +0 buckler (worn)
 j - a +0 pair of gloves (worn)
Scrolls
 e - a scroll of immolation {unknown}
 f - 2 scrolls of magic mapping {unknown}
 g - 2 scrolls of identify {unknown}
 i - a scroll of fear {unknown}
Potions
 d - a potion of might
 h - a potion of heal wounds {unknown}


   Skills:
 + Level 3.3 Fighting
 + Level 2.1 Long Blades
 + Level 2.9 Armour
 + Level 3.0 Shields


You had one spell level left.
You didn't know any spells.
Your spell library was empty.

Dungeon Overview and Level Annotations

Branches:
Dungeon (2/15)

Altars:

Annotations:
D:2 Jessica


Innate Abilities, Weirdness & Mutations

You are partially covered in thin metallic scales. (AC +2)


Message History

You see here a +0 chain mail.
You see here a hobgoblin skeleton.
Key pressed, stopping explore.
Done exploring.
(D) Dungeon
Where to? (Enter - D:1 @ (x,y), ? - help)
There is a stone staircase leading down here.
You climb downwards.
There is a stone staircase leading up here.
You climb upwards.
There is a stone staircase leading down here.
You climb downwards.
There is a stone staircase leading up here.
Found a stone staircase leading down.
No target in view!
There is a stone staircase leading up here.
You open the door.
Jessica the Apprentice Sorceress comes into view.
She is wielding a +0 club.
Jessica shouts!
There is an open door here.
Jessica is nearby!
Jessica is nearby!
Found a ring mail.
Jessica gestures wildly while chanting.
Jessica seems to speed up.
Jessica barely misses you.
You hit Jessica.
Jessica is moderately wounded.
Jessica hits you but does no damage. Jessica casts a spell at you.
Pain shoots through your body!
Ouch! That really hurt!
You are too injured to fight recklessly!
You are too injured to fight recklessly!
You are too injured to fight recklessly!
You hit Jessica.
Jessica is severely wounded.
Jessica points at you and mumbles some strange words.
Pain shoots through your body!
You die...

##+## ##[..##
##.....##
##.......##
#.........#
+.........+
#...@.....#
#..@....#
##.....## ##...##
##'## #.# #.#
###.######.
#######.<........
>...........#####


You could see Jessica (fast).

Vanquished Creatures
  A dart slug (D:1)
  4 bats (D:1)
  2 endoplasms (D:1)
  2 goblins (D:1)
  3 hobgoblins (D:1)
  3 jackals (D:1)
  A quokka (D:1)
  A ball python (D:1)
  A rat (D:1)
18 creatures vanquished.

Notes
Turn   | Place    | Note
-------+----------+-------------------------------------------
     0 | D:1      | BritishOli the Demonspawn Fighter began the quest for the
                  | Orb.
     0 | D:1      | Reached XP level 1. HP: 18/18 MP: 1/1
    72 | D:1      | Gained mutation: You are partially covered in thin metallic
                  | scales. (AC +2) [demonic ancestry]
    72 | D:1      | Reached XP level 2. HP: 24/24 MP: 2/2
   632 | D:1      | Found a faded altar of an unknown god.
   909 | D:2      | Noticed Jessica
   914 | D:2      | Killed from afar by Jessica

Illustrated notes

Levels and vault maps discovered:
D:1:      lemuel_arrival_muddy, layout_rooms,
          dreamdust_ecumenical_altar_angels_and_demons,
          minmay_misc_feat_diagonals, chequers_serial_rivers_micro_b
D:2:      layout_loops_corners, uniq_jessica

Skill      XL: |  1  2 |
---------------+-------+-----
Long Blades    | 2 |  2.1
Shields        | 3 |  3.0
Fighting       | |  3.3
Armour         | |  2.9

Action                   || total
-------------------------++-------
Melee: Long sword        ||    64
Armor: Scale mail        ||    41
Dodge: Dodged            ||    47
Block: Buckler           ||    14

Table legend: (Time is in decaauts)
 A = Elapsed time spent in this place.
 B = Non-inter-level travel time spent in this place.
 C = Inter-level travel time spent in this place.
 D = Time resting spent in this place.
 E = Time spent auto-exploring this place.
 F = Levels seen in this place.
 G = Mean time per level.
                   A        B        C        D        E       F      G
               +--------+--------+--------+--------+--------+-----+--------+
         Total |    938 |    857 |     81 |      0 |    705 |   2 |  469.0 |
       Dungeon |    938 |    857 |     81 |      0 |    705 |   2 |  469.0 |
               +--------+--------+--------+--------+--------+-----+--------+

Top non-repeatable levels by time:
     D:1: 921 daAuts
     D:2: 16 daAuts
